[Event "FICS rated blitz game"]
[Site "FICS freechess.org"]
[FICSGamesDBGameNo "20002463"]
[White "brettski"]
[Black "billard"]
[WhiteElo "1450"]
[BlackElo "1388"]
[WhiteRD "na"]
[BlackRD "na"]
[TimeControl "120+2"]
[Date "1999.10.10"]
[Time "04:52:00"]
[WhiteClock "0:02:00.000"]
[BlackClock "0:02:00.000"]
[ECO "C03"]
[PlyCount "147"]
[Result "1-0"]

1. e4 e6 2. d4 d5 3. Nd2 a6 4. Ngf3 c5 5. c3 Nc6 6. Bd3 Qb6 7. O-O cxd4 8. cxd4 Bd7 9. e5 Bb4 10. Nb3 Nge7 11. Bd2 Bxd2 12. Qxd2 Ng6 13. Nc5 Qc7 14. Rac1 O-O 15. Nxd7 Qxd7 16. Bb1 Nce7 17. Rfe1 Rac8 18. g3 Rc6 19. Rc3 Rfc8 20. Rec1 Nf5 21. Bxf5 exf5 22. R1c2 Rxc3 23. Rxc3 f6 24. exf6 gxf6 25. Qc2 Ne7 26. Rxc8+ Qxc8 27. Qxc8+ Nxc8 28. Nh4 Ne7 29. Ng2 Kf7 30. Nf4 b6 31. Kg2 a5 32. h4 b5 33. Kf3 b4 34. Ke2 a4 35. Kd3 h6 36. Kc2 Ke8 37. Ne6 Kd7 38. Nc5+ Kc6 39. Nxa4 f4 40. Kd3 Nf5 41. b3 fxg3 42. fxg3 Nxg3 43. Nc5 Nf5 44. h5 Ne7 45. Ne6 f5 46. a4 Nc8 47. Nc5 Ne7 48. Ne6 Nc8 49. Nf4 Ne7 50. Ng6 Nc8 51. Nf4 Ne7 52. Ke2 Nc8 53. Kf3 Ne7 54. Ng6 Nc8 55. Kf4 Nd6 56. Ne7+ Kd7 57. Nxf5 Nxf5 58. Kxf5 Ke7 59. Kg6 Ke6 60. Kxh6 Kf5 61. Kg7 Ke4 62. h6 Kd3 63. h7 Kc2 64. h8=Q Kb1 65. Qh2 Ka1 66. Kf6 Kb1 67. Ke5 Ka1 68. Kxd5 Kb1 69. Kc4 Ka1 70. d5 Kb1 71. d6 Ka1 72. d7 Kb1 73. d8=Q Ka1 74. Qd1# {Black checkmated} 1-0

[Event "FICS rated blitz game"]
[Site "FICS freechess.org"]
[FICSGamesDBGameNo "20002461"]
[White "SNEZHINKA"]
[Black "Kingo"]
[WhiteElo "1122"]
[BlackElo "1224"]
[WhiteRD "na"]
[BlackRD "na"]
[TimeControl "120+12"]
[Date "1999.10.10"]
[Time "04:06:00"]
[WhiteClock "0:02:00.000"]
[BlackClock "0:02:00.000"]
[ECO "B13"]
[PlyCount "70"]
[Result "0-1"]

1. e4 c6 2. d4 d5 3. exd5 cxd5 4. Nc3 Nf6 5. Nf3 Nc6 6. Bb5 e6 7. Bxc6+ bxc6 8. O-O Be7 9. Ne5 Bb7 10. Bg5 O-O 11. Qf3 c5 12. dxc5 Qc7 13. Qg3 Qxc5 14. Bxf6 Bxf6 15. Nd7 Qa5 16. Nxf8 Kxf8 17. Qd6+ Be7 18. Qg3 Qb6 19. Ne2 Qc6 20. Nf4 Qxc2 21. Nh5 g6 22. Nf4 Rc8 23. Nd3 Ba6 24. Rfc1 Qxd3 25. Rxc8+ Kg7 26. Qe5+ Bf6 27. Qc7 Bxb2 28. Re1 Bd4 29. h3 Bxc8 30. Qxc8 Qd2 31. Rf1 Qxa2 32. Qc7 h5 33. Qg3 Qd2 34. Qf3 Qb2 35. Rd1 Bf6 {White forfeits on time} 0-1

[Event "FICS rated blitz game"]
[Site "FICS freechess.org"]
[FICSGamesDBGameNo "20002460"]
[White "betouse"]
[Black "Haui"]
[WhiteElo "1756"]
[BlackElo "1810"]
[WhiteRD "na"]
[BlackRD "na"]
[TimeControl "240+0"]
[Date "1999.10.10"]
[Time "04:00:00"]
[WhiteClock "0:04:00.000"]
[BlackClock "0:04:00.000"]
[ECO "B22"]
[PlyCount "88"]
[Result "0-1"]

1. e4 c5 2. Nf3 Nc6 3. c3 e6 4. d4 cxd4 5. cxd4 d5 6. e5 Bd7 7. Bd3 Qb6 8. Nc3 f6 9. Bc2 O-O-O 10. O-O fxe5 11. dxe5 Qc7 12. Be3 a6 13. a3 Nge7 14. b4 Nf5 15. Bxf5 exf5 16. b5 Nxe5 17. Nxd5 Qd6 18. Nxe5 Bxb5 19. Bf4 Qxd5 20. Rc1+ Bc5 21. Qc2 b6 22. Rfd1 Qe4 23. Qxe4 fxe4 24. Nf7 Rxd1+ 25. Rxd1 Rf8 26. Nd6+ Bxd6 27. Bxd6 Rd8 28. Rd2 Kb7 29. Bb4 Rxd2 30. Bxd2 Kc6 31. g3 Kd5 32. Kg2 g6 33. f3 Bd3 34. fxe4+ Bxe4+ 35. Kf2 Kc4 36. Bb4 a5 37. Be7 b5 38. Ke3 Bf5 39. Kd2 b4 40. axb4 axb4 41. Kc1 b3 42. Kb2 Bc2 43. Bg5 Kd3 44. h4 Ke2 {White forfeits on time} 0-1

[Event "FICS rated blitz game"]
[Site "FICS freechess.org"]
[FICSGamesDBGameNo "20002459"]
[White "OJSimpson"]
[Black "MercurySun"]
[WhiteElo "1847"]
[BlackElo "1684"]
[WhiteRD "na"]
[BlackRD "na"]
[TimeControl "300+0"]
[Date "1999.10.10"]
[Time "02:50:00"]
[WhiteClock "0:05:00.000"]
[BlackClock "0:05:00.000"]
[ECO "D26"]
[PlyCount "65"]
[Result "1-0"]

1. d4 d5 2. c4 Nf6 3. Nf3 dxc4 4. e3 c5 5. Bxc4 cxd4 6. O-O e6 7. exd4 Be7 8. Nc3 O-O 9. d5 Qc7 10. Bb3 Rd8 11. Bg5 a5 12. Rc1 Qd6 13. Nb5 Qb6 14. Nc7 Ra6 15. Nxa6 Nxa6 16. Qd4 Qxd4 17. Nxd4 Nb4 18. Rxc8 Rxc8 19. dxe6 Rd8 20. exf7+ Kh8 21. Nf5 Bf8 22. Bxf6 gxf6 23. Re1 Nc6 24. Re8 h5 25. h4 Kh7 26. Ba4 Kg6 27. Bxc6 Rd1+ 28. Kh2 bxc6 29. Rxf8 Kxf5 30. Re8 Rd2 31. f8=Q Rxf2 32. Qc5+ Kg6 33. Qxf2 {Black resigns} 1-0

[Event "FICS rated blitz game"]
[Site "FICS freechess.org"]
[FICSGamesDBGameNo "20002458"]
[White "AntiQuercus"]
[Black "TallSteve"]
[WhiteElo "1335"]
[BlackElo "1351"]
[WhiteRD "na"]
[BlackRD "na"]
[TimeControl "180+0"]
[Date "1999.10.10"]
[Time "02:01:00"]
[WhiteClock "0:03:00.000"]
[BlackClock "0:03:00.000"]
[ECO "D06"]
[PlyCount "62"]
[Result "0-1"]

1. d4 d5 2. c4 Nf6 3. Nc3 h6 4. Nf3 g5 5. e3 g4 6. Nh4 e6 7. Be2 h5 8. f3 gxf3 9. Bxf3 Ne4 10. Nxe4 dxe4 11. Bxh5 Qxh4+ 12. g3 Qxh5 13. Qxh5 Rxh5 14. O-O Nc6 15. g4 Rg5 16. h3 a6 17. a3 b5 18. c5 Na5 19. Bd2 Nc4 20. Bc3 Nxe3 21. Rf4 e5 22. Rxe4 Nd5 23. Rae1 Nxc3 24. bxc3 f6 25. dxe5 fxe5 26. c6 Bc5+ 27. Kg2 Bd6 28. Kg3 Bf5 29. Kf3 Bxe4+ 30. Rxe4 O-O-O 31. h4 Rg6 {White forfeits on time} 0-1

[Event "FICS rated blitz game"]
[Site "FICS freechess.org"]
[FICSGamesDBGameNo "20002457"]
[White "sacKING"]
[Black "geofftrager"]
[WhiteElo "1365"]
[BlackElo "1364"]
[WhiteRD "na"]
[BlackRD "na"]
[TimeControl "240+8"]
[Date "1999.10.10"]
[Time "01:52:00"]
[WhiteClock "0:04:00.000"]
[BlackClock "0:04:00.000"]
[ECO "A05"]
[PlyCount "58"]
[Result "0-1"]

1. Nf3 Nf6 2. g3 g6 3. Bg2 Bg7 4. c3 O-O 5. d4 b6 6. Bf4 Bb7 7. Nbd2 c5 8. e3 cxd4 9. cxd4 d6 10. Rc1 Nbd7 11. O-O Nh5 12. Qa4 Nxf4 13. gxf4 e6 14. Nh4 Qxh4 15. Bxb7 Qg4+ 16. Bg2 Nf6 17. Nf3 d5 18. Rc7 a6 19. Qc6 h5 20. Rc1 h4 21. Rc8 Raxc8 22. Qxc8 h3 23. Qxf8+ Bxf8 24. Ne1 hxg2 25. Nxg2 Ne4 26. Rf1 Nd2 27. Rd1 Nf3+ 28. Kf1 Nxh2+ 29. Kg1 Qxd1+ {White resigns} 0-1

[Event "FICS rated blitz game"]
[Site "FICS freechess.org"]
[FICSGamesDBGameNo "20002456"]
[White "Marsel"]
[Black "KONNY"]
[WhiteElo "1453"]
[BlackElo "1514"]
[WhiteRD "na"]
[BlackRD "na"]
[TimeControl "300+1"]
[Date "1999.10.10"]
[Time "01:51:00"]
[WhiteClock "0:05:00.000"]
[BlackClock "0:05:00.000"]
[ECO "D51"]
[PlyCount "127"]
[Result "1-0"]

1. d4 d5 2. c4 c6 3. Nc3 Nf6 4. Nf3 e6 5. Bg5 Nbd7 6. cxd5 cxd5 7. e3 Bb4 8. Qc2 Qa5 9. Bxf6 Nxf6 10. Bd3 Bd7 11. O-O Rc8 12. Rfc1 Ba4 13. Qd2 O-O 14. a3 Bd6 15. Nxa4 Qxa4 16. Rc2 Rxc2 17. Bxc2 Qb5 18. Qd3 Qxd3 19. Bxd3 Rc8 20. Kf1 Ne4 21. Bxe4 dxe4 22. Nd2 f5 23. Rb1 Rc2 24. Ke1 f4 25. Kd1 Rc8 26. Nxe4 Bb8 27. exf4 Bxf4 28. g3 Bb8 29. Rc1 Rd8 30. Rc4 b5 31. Rb4 a5 32. Rxb5 Rxd4+ 33. Nd2 Bc7 34. Rc5 Bd6 35. Rxa5 Be7 36. Kc2 Bg5 37. Nf3 Bf6 38. Nxd4 Bxd4 39. f3 Kf7 40. Kd3 e5 41. b4 Ke6 42. Ke4 g5 43. Ra6+ Kf7 44. Rd6 Bb2 45. a4 Ke7 46. Rd2 Bc3 47. Rd5 Bxb4 48. Rxe5+ Kf6 49. Rb5 Be1 50. a5 Bf2 51. a6 Ke6 52. Rb2 Bg1 53. h3 Kd6 54. Ra2 Ba7 55. Kf5 Kd5 56. Kxg5 Ke5 57. Kh6 Kd4 58. Kxh7 Ke3 59. Ra3+ Kd4 60. f4 Ke4 61. Ra4+ Kf5 62. g4+ Kf6 63. g5+ Kf5 64. g6 {Black resigns} 1-0

[Event "FICS rated blitz game"]
[Site "FICS freechess.org"]
[FICSGamesDBGameNo "20002455"]
[White "Benkku"]
[Black "szura"]
[WhiteElo "1699"]
[BlackElo "1574"]
[WhiteRD "na"]
[BlackRD "na"]
[TimeControl "180+0"]
[Date "1999.10.10"]
[Time "01:49:00"]
[WhiteClock "0:03:00.000"]
[BlackClock "0:03:00.000"]
[ECO "D25"]
[PlyCount "79"]
[Result "1-0"]

1. d4 d5 2. c4 dxc4 3. Nf3 Nf6 4. e3 Bg4 5. Bxc4 e6 6. O-O Bd6 7. h3 Bh5 8. Nc3 a6 9. a4 h6 10. e4 Nfd7 11. e5 Be7 12. Be3 Nb6 13. Be2 Nd5 14. Ne4 Nc6 15. Rc1 Bxf3 16. Bxf3 Bg5 17. Nxg5 hxg5 18. Bxd5 exd5 19. Qg4 f6 20. f4 Rh4 21. Qe6+ Qe7 22. Qg8+ Qf8 23. Qxd5 gxf4 24. Rxc6 Qf7 25. Re6+ Kf8 26. exf6 gxf6 27. Bxf4 Qg6 28. Bh2 Kg7 29. Rexf6 Qd3 30. Qd7+ Kg8 31. Qf7+ Kh8 32. R6f3 Qxd4+ 33. Kh1 Rg8 34. Qf6+ Qxf6 35. Rxf6 Rxa4 36. R6f2 Ra5 37. Bxc7 Rag5 38. Bf4 R5g6 39. Be5+ Kh7 40. Rf7+ {Black forfeits on time} 1-0

[Event "FICS rated blitz game"]
[Site "FICS freechess.org"]
[FICSGamesDBGameNo "20002454"]
[White "mklaus"]
[Black "AlphaWolf"]
[WhiteElo "1598"]
[BlackElo "1570"]
[WhiteRD "na"]
[BlackRD "na"]
[TimeControl "180+0"]
[Date "1999.10.10"]
[Time "00:22:00"]
[WhiteClock "0:03:00.000"]
[BlackClock "0:03:00.000"]
[ECO "C50"]
[PlyCount "52"]
[Result "0-1"]

1. e4 e5 2. Nf3 Nf6 3. Nc3 Nc6 4. Bc4 Bc5 5. O-O d6 6. d3 Bg4 7. h3 Bh5 8. g4 Bg6 9. Be3 Bb6 10. Na4 d5 11. exd5 Nxd5 12. Nxb6 axb6 13. Bb5 O-O 14. Bxc6 bxc6 15. Nxe5 Qh4 16. Kg2 f5 17. Nxg6 hxg6 18. c4 Nf6 19. gxf5 gxf5 20. Qd2 f4 21. Bxf4 Nh5 22. Bg3 Nxg3 23. fxg3 Qd4 24. a3 Rae8 25. Rxf8+ Rxf8 26. Rf1 Rd8 {White forfeits on time} 0-1

[Event "FICS rated lightning game"]
[Site "FICS freechess.org"]
[FICSGamesDBGameNo "20002453"]
[White "BobbyGee"]
[Black "Kikaider"]
[WhiteElo "1354"]
[BlackElo "1422"]
[WhiteRD "na"]
[BlackRD "na"]
[TimeControl "120+0"]
[Date "1999.10.09"]
[Time "23:35:00"]
[WhiteClock "0:02:00.000"]
[BlackClock "0:02:00.000"]
[ECO "B01"]
[PlyCount "59"]
[Result "1-0"]

1. e4 d5 2. exd5 Nf6 3. Bc4 Nxd5 4. d4 Nf6 5. Nf3 Bg4 6. Bg5 e6 7. Nbd2 h6 8. O-O hxg5 9. h3 Bxf3 10. Nxf3 Nc6 11. Nxg5 Rh4 12. c3 Nxd4 13. Qa4+ Qd7 14. Qxd7+ Nxd7 15. cxd4 Rxd4 16. Bb3 O-O-O 17. Nf3 Rb4 18. Rac1 c6 19. Ng5 Ne5 20. Rfe1 f6 21. Nxe6 Re8 22. Nc5 Nf3+ 23. gxf3 Rxe1+ 24. Rxe1 b6 25. Be6+ Kb8 26. Na6+ Kb7 27. Nxb4 Bxb4 28. Rd1 Bc5 29. Bb3 a5 30. Kg2 {Black forfeits on time} 1-0

[Event "FICS rated blitz game"]
[Site "FICS freechess.org"]
[FICSGamesDBGameNo "20002451"]
[White "nakita"]
[Black "Haaz"]
[WhiteElo "1535"]
[BlackElo "1348"]
[WhiteRD "na"]
[BlackRD "na"]
[TimeControl "300+2"]
[Date "1999.10.09"]
[Time "23:32:00"]
[WhiteClock "0:05:00.000"]
[BlackClock "0:05:00.000"]
[ECO "B06"]
[PlyCount "115"]
[Result "1-0"]

1. e4 g6 2. d4 Bg7 3. Nc3 Nc6 4. Nf3 Nf6 5. Bd3 O-O 6. O-O d6 7. h3 Nd7 8. Bd2 e5 9. d5 Ne7 10. Qc1 Nc5 11. Bh6 f5 12. Bxg7 Kxg7 13. exf5 Nxd3 14. cxd3 Bxf5 15. Qd2 Qd7 16. Rac1 Bxh3 17. gxh3 Rxf3 18. Ne4 Rxh3 19. Qg5 Rf8 20. Ng3 Nf5 21. Qg4 Rh4 22. Qe2 Nxg3 23. fxg3 Rxf1+ 24. Rxf1 Rh3 25. Qf3 h5 26. Kg2 h4 27. Qf6+ Kh7 28. Qf7+ Qxf7 29. Rxf7+ Kg8 30. Kxh3 Kxf7 31. Kxh4 Kf6 32. Kg4 c6 33. dxc6 bxc6 34. b4 d5 35. a4 e4 36. dxe4 d4 37. Kf4 d3 38. Ke3 d2 39. Kxd2 Ke5 40. Ke3 g5 41. g4 a6 42. a5 Kd6 43. Kd4 Ke6 44. e5 Kd7 45. Kc5 Kc7 46. e6 Kb7 47. Kd6 Kc8 48. Kxc6 Kd8 49. Kd6 Ke8 50. e7 Kf7 51. Kd7 Kf6 52. e8=Q Kg7 53. Qe6 Kf8 54. Qf6+ Kg8 55. Ke7 Kh7 56. Qxg5 Kh8 57. Kf7 Kh7 58. Qh5# {Black checkmated} 1-0

[Event "FICS rated standard game"]
[Site "FICS freechess.org"]
[FICSGamesDBGameNo "20002450"]
[White "CyberBrain"]
[Black "Bjack"]
[WhiteElo "1828"]
[BlackElo "1723"]
[WhiteRD "na"]
[BlackRD "na"]
[TimeControl "300+16"]
[Date "1999.10.09"]
[Time "23:31:00"]
[WhiteClock "0:05:00.000"]
[BlackClock "0:05:00.000"]
[ECO "D94"]
[PlyCount "78"]
[Result "0-1"]

1. d4 d5 2. Nf3 Nf6 3. c4 c6 4. Nc3 g6 5. e3 Bg7 6. Be2 a6 7. O-O O-O 8. cxd5 cxd5 9. h3 Bf5 10. Ne5 Nbd7 11. Qb3 b5 12. Nc6 Qe8 13. Nxd5 Nxd5 14. Qxd5 Be6 15. Qg5 Nf6 16. Bf3 Rc8 17. Ne5 Bd5 18. Bxd5 Nxd5 19. Nxg6 fxg6 20. Qxd5+ Kh8 21. a3 Rf5 22. Qb7 Rf6 23. b4 Rfc6 24. Bb2 R8c7 25. d5 Rxb7 26. dxc6 Qxc6 27. Bxg7+ Kxg7 28. Rfd1 Qf6 29. Ra2 Qe6 30. Rad2 Rc7 31. Rd3 Rc2 32. f4 Re2 33. Kh2 Rxe3 34. Rxe3 Qxe3 35. Rd7 Qxf4+ 36. Kh1 Qe3 37. Rb7 Kf7 38. Rd7 Qxa3 39. Rd4 Qa1+ {White resigns} 0-1

[Event "FICS rated blitz game"]
[Site "FICS freechess.org"]
[FICSGamesDBGameNo "20002449"]
[White "Foreverbest"]
[Black "Anupam"]
[WhiteElo "1582"]
[BlackElo "1537"]
[WhiteRD "na"]
[BlackRD "na"]
[TimeControl "180+0"]
[Date "1999.10.09"]
[Time "23:23:00"]
[WhiteClock "0:03:00.000"]
[BlackClock "0:03:00.000"]
[ECO "C48"]
[PlyCount "88"]
[Result "1-0"]

1. e4 e5 2. Nf3 Nc6 3. Nc3 Nf6 4. Bb5 d6 5. O-O Bd7 6. d3 a6 7. Ba4 Be7 8. Be3 O-O 9. h3 b5 10. Bb3 Na7 11. Bd5 c6 12. Bb3 c5 13. a3 a5 14. Nd5 a4 15. Nxf6+ Bxf6 16. Bd5 Bc6 17. Bxc6 Nxc6 18. c3 Qe7 19. Qd2 b4 20. d4 cxd4 21. cxd4 bxa3 22. d5 axb2 23. Rab1 Na5 24. Qxb2 Nc4 25. Qe2 Nxe3 26. Qxe3 a3 27. Ra1 a2 28. Qe2 Qa7 29. Rfc1 Rfb8 30. Kh2 Qa6 31. Qd2 Ra7 32. Rc2 Qa5 33. Rcxa2 Qxd2 34. Nxd2 Rxa2 35. Rxa2 Kf8 36. Nc4 Ke7 37. Rb2 Rxb2 38. Nxb2 Bg5 39. f3 Bc1 40. Nc4 g6 41. g3 f5 42. Kg2 f4 43. g4 Kd7 44. Kf2 Kc7 {Black forfeits on time} 1-0

[Event "FICS rated lightning game"]
[Site "FICS freechess.org"]
[FICSGamesDBGameNo "20002448"]
[White "MiranoOfBosnia"]
[Black "koolpapa"]
[WhiteElo "1918"]
[BlackElo "1779"]
[WhiteRD "na"]
[BlackRD "na"]
[TimeControl "60+0"]
[Date "1999.10.09"]
[Time "22:04:00"]
[WhiteClock "0:01:00.000"]
[BlackClock "0:01:00.000"]
[ECO "A40"]
[PlyCount "82"]
[Result "0-1"]

1. d4 c5 2. d5 g6 3. c4 Bg7 4. Nc3 Na6 5. e4 d6 6. Nf3 Nc7 7. Bd3 Nf6 8. h3 O-O 9. O-O a6 10. a4 Rb8 11. Bf4 Bd7 12. e5 Nfe8 13. exd6 exd6 14. Re1 b5 15. axb5 axb5 16. Rb1 b4 17. Ne4 Bf5 18. Nfg5 h6 19. Nf3 Bxe4 20. Bxe4 Nf6 21. Bd3 Nh5 22. Bh2 Qf6 23. Qc2 Rbd8 24. Re3 Nf4 25. Bxf4 Qxf4 26. Rbe1 Qf6 27. Re7 Na6 28. Ra7 Nb8 29. b3 Qc3 30. Qxc3 Bxc3 31. Ree7 Bf6 32. Reb7 Rfe8 33. g4 Nd7 34. h4 Ne5 35. Nxe5 Bxe5 36. g5 hxg5 37. Rxf7 Kh8 38. Kg2 Kg8 39. Bxg6 Rf8 40. Rh7 Rf4 41. Rhb7 Rg4+ {White forfeits on time} 0-1

[Event "FICS rated standard game"]
[Site "FICS freechess.org"]
[FICSGamesDBGameNo "20002447"]
[White "bluckman"]
[Black "acman"]
[WhiteElo "1720"]
[BlackElo "1752"]
[WhiteRD "na"]
[BlackRD "na"]
[TimeControl "1200+10"]
[Date "1999.10.09"]
[Time "18:31:00"]
[WhiteClock "0:20:00.000"]
[BlackClock "0:20:00.000"]
[ECO "B32"]
[PlyCount "67"]
[Result "0-1"]

1. e4 c5 2. Nf3 Nc6 3. d4 cxd4 4. Nxd4 d6 5. Bb5 Bd7 6. Nxc6 bxc6 7. Bd3 Nf6 8. Be3 e5 9. O-O Be7 10. Nd2 O-O 11. f4 Ng4 12. Qe2 exf4 13. Rxf4 Nxe3 14. Qxe3 Bg5 15. Nf3 Bxf4 16. Qxf4 Be6 17. e5 d5 18. Bxh7+ Kxh7 19. Ng5+ Kg6 20. h4 Rh8 21. g3 Qb6+ 22. Kh2 Qxb2 23. Rf1 Qxc2+ 24. Rf2 Qf5 25. Qe3 Qg4 26. Rf4 Qxg5 27. Qf3 Qxe5 28. Qd3+ f5 29. Rg4+ Kf7 30. Rg5 Rxh4+ 31. Kg2 Re4 32. Qf3 Re2+ 33. Kh3 Rh8+ 34. Rh5 {White resigns} 0-1

[Event "FICS rated blitz game"]
[Site "FICS freechess.org"]
[FICSGamesDBGameNo "20002446"]
[White "endgamepro"]
[Black "kisak"]
[WhiteElo "1540"]
[BlackElo "1329"]
[WhiteRD "na"]
[BlackRD "na"]
[TimeControl "120+12"]
[Date "1999.10.09"]
[Time "17:05:00"]
[WhiteClock "0:02:00.000"]
[BlackClock "0:02:00.000"]
[ECO "C20"]
[PlyCount "48"]
[Result "0-1"]

1. e4 e5 2. Qh5 Nf6 3. Qf5 Nc6 4. Bc4 Qe7 5. g4 d6 6. g5 Bxf5 7. gxf6 Qxf6 8. exf5 Qxf5 9. Ne2 Qxc2 10. Na3 Qe4 11. Rg1 Nd4 12. Nb5 Nc2+ 13. Kd1 Qxc4 14. b3 Qc5 15. a4 Nxa1 16. Bb2 Qxf2 17. Re1 Nxb3 18. Nxc7+ Kd7 19. Nxa8 Be7 20. Nc3 Rxa8 21. Re2 Qd4 22. Kc2 Na5 23. Nd1 Rc8+ 24. Kb1 Qd3+ {White resigns} 0-1

[Event "FICS rated blitz game"]
[Site "FICS freechess.org"]
[FICSGamesDBGameNo "20002445"]
[White "Sanders"]
[Black "kemar"]
[WhiteElo "1763"]
[BlackElo "1769"]
[WhiteRD "na"]
[BlackRD "na"]
[TimeControl "180+2"]
[Date "1999.10.09"]
[Time "16:30:00"]
[WhiteClock "0:03:00.000"]
[BlackClock "0:03:00.000"]
[ECO "B86"]
[PlyCount "103"]
[Result "1-0"]

1. e4 c5 2. Nf3 d6 3. d4 cxd4 4. Nxd4 Nf6 5. Nc3 a6 6. Bc4 e6 7. Bb3 Be7 8. O-O O-O 9. f4 Qc7 10. f5 e5 11. Nf3 b5 12. a3 Bb7 13. Re1 Nbd7 14. Bg5 h6 15. Bh4 Rac8 16. Qd3 Nc5 17. Qd2 Nxb3 18. cxb3 Ng4 19. Bxe7 Qxe7 20. h3 Nf6 21. Rad1 Rfd8 22. Qe3 Nh5 23. Nd2 Nf4 24. Nf1 Qg5 25. Qf3 d5 26. exd5 Nxd5 27. Nxd5 Rxd5 28. Rxd5 Bxd5 29. Qxd5 Rc2 30. Ne3 Rxb2 31. Qxe5 Rxb3 32. Qc5 Qg3 33. Qc1 a5 34. f6 g6 35. Ng4 g5 36. Re8+ Kh7 37. Qc2+ Qd3 38. Qxd3+ Rxd3 39. Re5 b4 40. axb4 axb4 41. Rb5 b3 42. Ne5 Rd1+ 43. Kh2 Rb1 44. Nxf7 Kg6 45. Ne5+ Kxf6 46. Nc4 h5 47. Nd2 Re1 48. Rxb3 h4 49. Rb4 Re2 50. Nf3 Re4 51. Rxe4 Kf5 52. Rg4 {Black resigns} 1-0

[Event "FICS rated blitz game"]
[Site "FICS freechess.org"]
[FICSGamesDBGameNo "20002444"]
[White "sannu"]
[Black "burgin"]
[WhiteElo "1479"]
[BlackElo "1463"]
[WhiteRD "na"]
[BlackRD "na"]
[TimeControl "300+2"]
[Date "1999.10.09"]
[Time "16:19:00"]
[WhiteClock "0:05:00.000"]
[BlackClock "0:05:00.000"]
[ECO "B07"]
[PlyCount "85"]
[Result "1-0"]

1. e4 d6 2. d4 Nf6 3. Bd3 g6 4. c4 Bg7 5. Ne2 O-O 6. f3 Nbd7 7. Be3 e5 8. d5 c6 9. Nbc3 cxd5 10. cxd5 Nc5 11. Bc2 Qc7 12. Qd2 Bd7 13. g4 Rfc8 14. h4 b5 15. a3 a5 16. Kf2 b4 17. Nd1 b3 18. Bd3 Nxd3+ 19. Qxd3 Qc2 20. Qxc2 bxc2 21. Ndc3 Rab8 22. Bc1 Bb5 23. a4 Bxe2 24. Kxe2 Nd7 25. Kd3 Rxc3+ 26. Kxc3 Rc8+ 27. Kd3 Nb6 28. Rh2 Nd7 29. Rxc2 Nc5+ 30. Ke2 f5 31. gxf5 gxf5 32. Bd2 fxe4 33. fxe4 Rf8 34. Rf1 Nxe4 35. Rxf8+ Bxf8 36. Bxa5 Nc5 37. Rxc5 dxc5 38. Bc7 Bg7 39. a5 e4 40. d6 Bd4 41. d7 Bf6 42. a6 Bd8 43. Bxd8 {Black resigns} 1-0

[Event "FICS rated blitz game"]
[Site "FICS freechess.org"]
[FICSGamesDBGameNo "20002443"]
[White "Summerwind"]
[Black "naomi"]
[WhiteElo "1376"]
[BlackElo "1472"]
[WhiteRD "na"]
[BlackRD "na"]
[TimeControl "240+0"]
[Date "1999.10.09"]
[Time "16:12:00"]
[WhiteClock "0:04:00.000"]
[BlackClock "0:04:00.000"]
[ECO "A03"]
[PlyCount "102"]
[Result "0-1"]

1. f4 d5 2. Nf3 Nc6 3. e3 e5 4. fxe5 f6 5. exf6 Nxf6 6. Bb5 Bd7 7. O-O Bd6 8. Bxc6 Bxc6 9. Nd4 O-O 10. Nc3 Bd7 11. d3 c5 12. Nf5 Bxf5 13. Rxf5 Qd7 14. Qf3 Rf7 15. Nxd5 Nxd5 16. Rxf7 Qxf7 17. Bd2 Rf8 18. Rf1 Qxf3 19. Rxf3 Rxf3 20. gxf3 Kf7 21. Kg2 Ke6 22. f4 g6 23. e4 Nxf4+ 24. Bxf4 Bxf4 25. h3 a5 26. Kf3 Bd2 27. c4 a4 28. b3 axb3 29. axb3 Ke5 30. Ke2 Bc1 31. Kd1 Ba3 32. Ke2 Kf4 33. Kf2 g5 34. Kg2 Ke3 35. e5 Bb2 36. e6 Bf6 37. Kf1 Kxd3 38. Ke1 Kc3 39. Ke2 Kxb3 40. Kd3 h5 41. Ke4 g4 42. hxg4 hxg4 43. Kf5 Bh4 44. Kxg4 Bd8 45. Kf4 Kxc4 46. Ke3 b5 47. Kd2 Kd5 48. Kc3 Kxe6 49. Kd3 Bc7 50. Kc3 Kd5 51. Kb3 c4+ {White forfeits on time} 0-1

[Event "FICS rated blitz game"]
[Site "FICS freechess.org"]
[FICSGamesDBGameNo "20002442"]
[White "Ganesa"]
[Black "frenchies"]
[WhiteElo "1622"]
[BlackElo "1486"]
[WhiteRD "na"]
[BlackRD "na"]
[TimeControl "120+6"]
[Date "1999.10.09"]
[Time "14:42:00"]
[WhiteClock "0:02:00.000"]
[BlackClock "0:02:00.000"]
[ECO "E38"]
[PlyCount "62"]
[Result "0-1"]

1. d4 Nf6 2. c4 e6 3. Nc3 Bb4 4. Qc2 c5 5. dxc5 Qa5 6. Bd2 Qxc5 7. e3 O-O 8. Nf3 b6 9. Be2 Bb7 10. O-O d5 11. cxd5 Nxd5 12. Rac1 Bxc3 13. Bxc3 Nxc3 14. Qxc3 Nd7 15. Rfd1 Qxc3 16. Rxc3 Rfd8 17. Rc7 Bd5 18. e4 Rac8 19. Rxc8 Rxc8 20. exd5 exd5 21. Rxd5 Nf6 22. Rd6 Ne4 23. Rd7 g5 24. h3 Rc2 25. Bd3 Rc1+ 26. Kh2 Nxf2 27. Bf5 Rc5 28. Bb1 f5 29. Nxg5 f4 30. Rxh7 Rc1 31. Rxa7 Rh1# {White checkmated} 0-1

[Event "FICS rated blitz game"]
[Site "FICS freechess.org"]
[FICSGamesDBGameNo "20002441"]
[White "mssriram"]
[Black "Wong"]
[WhiteElo "1548"]
[BlackElo "1471"]
[WhiteRD "na"]
[BlackRD "na"]
[TimeControl "180+0"]
[Date "1999.10.09"]
[Time "11:17:00"]
[WhiteClock "0:03:00.000"]
[BlackClock "0:03:00.000"]
[ECO "C88"]
[PlyCount "60"]
[Result "0-1"]

1. e4 e5 2. Nf3 Nc6 3. Bb5 a6 4. Ba4 b5 5. Bb3 Be7 6. O-O Nf6 7. Re1 O-O 8. d4 exd4 9. Nxd4 Ne5 10. c3 c5 11. Nf5 c4 12. Bc2 d6 13. Bf4 Bxf5 14. exf5 Qc8 15. Nd2 Qd7 16. Nf3 Nxf3+ 17. Qxf3 d5 18. Rad1 Bc5 19. Bg5 Ne4 20. Bxe4 dxe4 21. Qxe4 Qa7 22. Be3 Bxe3 23. Qxe3 Qc7 24. Qe7 Qc6 25. h3 Rae8 26. Qg5 Rxe1+ 27. Rxe1 Qd6 28. Qe3 Qf6 29. Qe5 Qh6 30. Rd1 Qg5 {White forfeits on time} 0-1

[Event "FICS rated lightning game"]
[Site "FICS freechess.org"]
[FICSGamesDBGameNo "20002440"]
[White "Flesh"]
[Black "Egbert"]
[WhiteElo "1983"]
[BlackElo "1863"]
[WhiteRD "na"]
[BlackRD "na"]
[TimeControl "60+0"]
[Date "1999.10.09"]
[Time "11:17:00"]
[WhiteClock "0:01:00.000"]
[BlackClock "0:01:00.000"]
[ECO "B10"]
[PlyCount "95"]
[Result "1-0"]

1. e4 c6 2. e5 d5 3. exd6 exd6 4. d4 Be6 5. Nc3 d5 6. Nf3 Nd7 7. Bf4 Be7 8. Be5 f6 9. Bg3 Nh6 10. Bd3 Nf5 11. Bxf5 Bxf5 12. Qe2 O-O 13. O-O-O Bb4 14. Qe3 Qa5 15. Qd2 Nb6 16. a3 Bxc3 17. Qxc3 Qa6 18. Rhe1 Na4 19. Qb3 c5 20. dxc5 Rac8 21. Qxd5+ Be6 22. Qxe6+ Qxe6 23. Rxe6 Nxc5 24. Re7 Nb3+ 25. Kb1 Nc5 26. Bd6 Rfd8 27. b4 Ne4 28. Rxe4 f5 29. Re7 Rc6 30. Ne5 Rcxd6 31. Rxd6 Rxd6 32. Rxb7 h6 33. Rxa7 Rd1+ 34. Kb2 Rd2 35. Nd3 Rxf2 36. Nxf2 f4 37. Re7 f3 38. gxf3 g6 39. Re4 Kf7 40. c4 Kf6 41. c5 Kf5 42. c6 g5 43. c7 g4 44. c8=Q+ Kg5 45. Qxg4+ Kf6 46. Re6+ Kf7 47. Qg6+ Kf8 48. Re8# {Black checkmated} 1-0

[Event "FICS rated blitz game"]
[Site "FICS freechess.org"]
[FICSGamesDBGameNo "20002439"]
[White "cercy"]
[Black "aldair"]
[WhiteElo "1710"]
[BlackElo "1728"]
[WhiteRD "na"]
[BlackRD "na"]
[TimeControl "180+0"]
[Date "1999.10.09"]
[Time "11:16:00"]
[WhiteClock "0:03:00.000"]
[BlackClock "0:03:00.000"]
[ECO "C30"]
[PlyCount "49"]
[Result "1-0"]

1. e4 e5 2. f4 Bc5 3. Nf3 Nc6 4. fxe5 d6 5. d4 Bb6 6. exd6 Qxd6 7. c3 Nf6 8. Bd3 O-O 9. O-O Bg4 10. Be3 Rad8 11. Qc2 Qe7 12. Nbd2 Nb8 13. Rae1 c6 14. Ne5 Bh5 15. Bg5 Nbd7 16. Nxd7 Rxd7 17. e5 Rxd4 18. cxd4 Bxd4+ 19. Kh1 Bxe5 20. Nf3 Bxf3 21. Rxf3 Qd6 22. Bxf6 Bxf6 23. Bxh7+ Kh8 24. Rh3 Rd8 25. Bg8+ {Black resigns} 1-0